 Dungeon Crawl Stone Soup version 0.16-a0-3458-g6d2551d (webtiles) character file.

345 NewYearsCrawler the Chopper (level 6, -5/47 HPs)
             Began as a Formicid Fighter on Jan 1, 2015.
             Killed from afar by Blork the orc (11 damage)
             ... with a puff of flame
             ... on level 4 of the Dungeon.
             The game lasted 00:07:28 (3182 turns).

NewYearsCrawler the Chopper (Formicid Fighter)      Turns: 3182, Time: 00:07:30

Health: -5/47      AC:  6    Str: 22    XL:     6   Next: 90%
Magic:  0/7        EV:  8    Int: 10    God:
Gold:   237        SH: 10    Dex: 10    Spells: 0 memorised, 5 levels left

rFire  . . .     SeeInvis +     l - +0 battleaxe
rCold  . . .     Clarity  .     b - +0 scale mail
rNeg   . . .     SustAb   .     c - +1 shield
rPois  .         Gourm    .     (helmet unavailable)
rElec  .         Spirit   +     (no cloak)
rCorr  .         Warding  .     (no gloves)
rMut   .         Stasis   +     (no boots)
MR     .....                    k - amulet of guardian spirit
Stlth  ..........               (no ring)
                                (no ring)

@: not resistant to hostile enchantments, extremely unstealthy
A: permanent stasis, dig shafts and tunnels, four strong arms, antennae 3,
clever 1, low mp 1
a: Dig, Shaft Self


You were on level 4 of the Dungeon.
You were not hungry.

You visited 1 branch of the dungeon, and saw 4 of its levels.

You collected 237 gold pieces.

Inventory:

Hand weapons
 a - a +0 war axe
 l - a +0 battleaxe (weapon)
Missiles
 i - 4 tomahawks (quivered)
Armour
 b - a +0 scale mail (worn)
 c - a +1 shield (worn)
Jewellery
 k - an amulet of guardian spirit (around neck)
Magical devices
 r - a wand of fire (8)
 s - a wand of polymorph (3)
Scrolls
 g - a scroll of amnesia {unknown}
 j - a scroll of enchant weapon {unknown}
 m - a scroll of fog
 n - 2 scrolls of magic mapping {unknown}
 o - 3 scrolls of recharging {unknown}
 q - 2 scrolls of remove curse
Potions
 e - 2 potions of might
Comestibles
 d - 3 bread rations
 f - 8 fruits
 h - a meat ration
 v - 2 royal jellies


   Skills:
 - Level 3.2 Fighting
 * Level 6.8 Axes
 - Level 3.2 Armour
 - Level 3.6 Shields


You had 5 spell levels left.
You didn't know any spells.

Dungeon Overview and Level Annotations

Branches:
Dungeon (4/15)
 Temple: D:4-7

Altars:
Elyvilon
Nemelex Xobeh
Sif Muna
Xom

Annotations:
D:4 Blork the orc


Innate Abilities, Weirdness & Mutations

You are under a permanent stasis effect.
You can dig through walls and to a lower floor.
Your four strong arms can wield two-handed weapons with a shield.
You have a pair of large antennae on your head (SInv).
Your mind is acute. (Int +2)
Your magical capacity is low (-10% MP).


Message History

It was a potion of magic.
Magic courses through your body.
Blork the orc gestures at you while chanting.
The puff of flame hits you!
* * * LOW HITPOINT WARNING * * *
Drink which item? (? for menu, Esc to quit)
You feel better. Blork the orc hits you with a halberd.
* * * LOW HITPOINT WARNING * * *
Blork the orc hits you with a halberd.
* * * LOW HITPOINT WARNING * * *
You closely miss Blork the orc.
Blork the orc is severely wounded.
You block Blork the orc's attack.
You closely miss Blork the orc.
Blork the orc is severely wounded.
Blork the orc casts a spell at you. The magic dart hits you!
* * * LOW HITPOINT WARNING * * *
Blork the orc points at you and mumbles some strange words.
The puff of flame hits you!
You die...

### #..###
##......
##.......#
#..>......# .#
#.........#
#..#
#.........#
#..#
#..o.....#
#..###@).....#
#..........##
##....######
#...### #..##
#..####
##.....###
#........##
#.........##


You could see Blork the orc (invisible).

Vanquished Creatures
  A jelly (D:3)
  An iguana (D:4)
  A worker ant (D:4)
  3 orc wizards (D:3)
  Ijyb (D:3)
  A giant mite (D:4)
  5 adders
  5 worms
  2 giant geckos
  8 orcs
  A ball python (D:4)
  5 bats
  2 giant cockroaches
  7 goblins
  12 hobgoblins
  11 jackals
  7 kobolds
  7 giant newts
  5 rats
85 creatures vanquished.

Notes
Turn   | Place    | Note
--------------------------------------------------------------
     0 | D:1      | NewYearsCrawler, the Formicid Fighter, began the quest for the Orb.
     0 | D:1      | Reached XP level 1. HP: 18/18 MP: 1/1
   188 | D:1      | Reached XP level 2. HP: 24/24 MP: 3/3
   795 | D:2      | Found a sparkling altar of Nemelex Xobeh.
   804 | D:2      | Reached XP level 3. HP: 20/29 MP: 4/4
  1291 | D:2      | Gained mutation: Your magical capacity is low (-10% MP). [potion of mutation]
  1291 | D:2      | Gained mutation: Your mind is acute. (Int +2) [potion of mutation]
  1309 | D:2      | Reached skill level 4 in Axes
  1309 | D:2      | Reached XP level 4. HP: 21/35 MP: 4/4
  1789 | D:3      | Found a deep blue altar of Sif Muna.
  1882 | D:3      | Noticed Ijyb
  1905 | D:3      | Killed Ijyb
  1959 | D:3      | Reached XP level 5. HP: 41/41 MP: 6/6
  1973 | D:3      | Reached skill level 5 in Axes
  2251 | D:3      | Reached XP level 6. HP: 34/47 MP: 5/7
  2256 | D:3      | Reached skill level 6 in Axes
  2651 | D:3      | Found a white marble altar of Elyvilon.
  2792 | D:4      | Found a shimmering altar of Xom.
  3161 | D:4      | Noticed Blork the orc
  3178 | D:4      | HP: 2/47 [Blork the orc/halberd (9)]
  3182 | D:4      | Killed from afar by Blork the orc

Action                   |  1- 3 |  4- 6 || total
-------------------------+-------+-------++-------
Melee: War axe           |   122 |    17 ||   139
       Battleaxe         |       |   181 ||   181
Evoke: Deck              |     4 |       ||     4
  Use: Potion            |     3 |     3 ||     6
       Scroll            |     2 |     3 ||     5
  Eat: Chunk             |     1 |     7 ||     8
